 Dungeon Sprint DCSS version 0.31.0-12-g77e489cdc1 (webtiles) character file.

Game seed: 8910272788859199567

7379 Groucho the Protected (level 11, -6/79 HPs)
             Began as a Gargoyle Fighter on Feb 25, 2024.
             Was a High Priest of Qazlal.
             Mangled by a vampire knight
             ... wielding a +0 dire flail
              (7 damage)
             ... while paralysed by a vampire knight
             ... in the Dungeon (Sprint VII: "The Pits").
             The game lasted 00:04:40 (2231 turns).

Groucho the Protected (Gargoyle Fighter)            Turns: 2231, Time: 00:04:41

Health: -6/79      AC: 31    Str: 24    XL:     11   Next: 14%
Magic:  3/20       EV:  2    Int: 12    God:    Qazlal [*****.]
Gold:   0          SH:  0    Dex: 12    Spells: 10/10 levels left

rFire   . . .        b - +2 morningstar
rCold   . . .        c - +0 buckler
rNeg    + . .        t - +4 chain mail
rPois   ∞            (no helmet)
rElec   +            r - +0 cloak
rCorr   .            (no gloves)
SInv    .            s - +0 pair of boots
Will    .....        (no amulet) Stlth
                     k - +3 ring of dexterity
HPRegen 0.33/turn    p - +3 ring of intelligence
MPRegen 0.17/turn

%: no teleportation, repel missiles
@: paralysed, protected from physical damage
A: sickness immunity, AC +8, negative energy resistance 1, electricity
resistance, torment resistance 1, petrification resistance
a: Renounce Religion, Upheaval, Elemental Force, Disaster Area


You were in the Dungeon.
You worshipped Qazlal.
Qazlal was extremely pleased with you.
You visited 1 branch

Inventory:

Hand Weapons
 b - a +2 morningstar (weapon)
Armour
 c - a +0 buckler (worn)
 r - a +0 cloak (worn)
 s - a +0 pair of boots (worn)
 t - a +4 chain mail (worn)
Jewellery
 k - a +3 ring of dexterity (left hand)
 p - a +3 ring of intelligence (right hand)
Scrolls
 j - a scroll of blinking
 l - 2 scrolls of vulnerability
 m - 5 scrolls of amnesia
 n - a scroll of butterflies
Potions
 a - 2 potions of invisibility
 d - 3 potions of might
 e - 6 potions of curing
 f - 3 potions of heal wounds
 g - 3 potions of haste
 h - 4 potions of magic
 i - 4 potions of berserk rage
 q - 3 potions of mutation


   Skills:
 + Level 13.7 Fighting
 + Level 12.4 Maces & Flails
 + Level 13.7 Armour
 + Level 13.6 Shields
 + Level 12.5 Invocations


You had 10 spell levels left.
You didn't know any spells.
Your spell library was empty.

Dungeon Overview and Level Annotations

Branches:
Dungeon (1/1)

Altars:
Ashenzari
Cheibriados
Dithmenos
Elyvilon
Fedhas
Gozag
Hepliaklqana
Kikubaaqudgha
Makhleb
Nemelex Xobeh
Okawaru
Qazlal
Ru
Sif Muna
Trog
Uskayaw
Vehumet
Wu Jian
Xom
Yredelemnul
Zin
The Shining One
Jiyva
Lugonu


Innate Abilities, Weirdness & Mutations

You are immune to sickness and miasma.
Your stone body is resilient. (AC +8)
You are immune to poison.
You resist negative energy. (rN+)
You are resistant to electric shocks. (rElec)
You are resistant to unholy torment.
You are immune to petrification.


Message History

You hear some strange, mumbled words.
You suddenly lose the ability to move!
Something completely misses you. Something bites you but does no damage.
Something hits you. Something bites you but does no damage. Something hits you.
Something bites you but does no damage.
You can move again.
You hit something but do no damage. Something hits you but does no damage.
Something bites you but does no damage.
Unknown command.
Unknown command.
You hit something but do no damage. Something hits you but does no damage.
Something completely misses you.
Unknown command.
Unknown command.
Aiming: Upheaval
Press: ? - help, Dir - move target The ground shakes violently, spewing rubble!
Something hits you!
* * * LOW HITPOINT WARNING * * *
You feel more protected from physical attacks.
Something bites you but does no damage.
Unknown command.
Unknown command.
Unknown command.
You don't have enough magic at the moment.
You sock something!
Unknown command.
Unknown command.
You barely miss something.
You hear some strange, mumbled words.
You suddenly lose the ability to move!
Something hits you!
* * * LOW HITPOINT WARNING * * *
You feel more protected from physical attacks.
Something bites you but does no damage.
You hear some strange, mumbled words.
Something hits you.
* * * LOW HITPOINT WARNING * * *
Something bites you!
You die...

........+ .#......#
........# #''#####
#''##### ###########
#......# #.........#
#......# ##..§[...##
##....## ####).°####
##['## ###..÷.☼@{..#
##....###....##+##§†...#
#......#..).##...##....#
#......'..).'..†..+ .).+
#......#....##...## ..#
##....###....# +## .#
##''## ###..+ . #.[..#
#### #......#


There were no monsters in sight!

Vanquished Creatures
  A hydra (D)
  Sonja (D)
  A flayed ghost (D)
  2 bog bodies (D)
  A lindwurm (D)
  An orc knight (D)
  An orc sorcerer (D)
  A molten gargoyle (D)
  A troll (D)
  2 hornets (D)
  A wraith (D)
  4 yaks (D)
  A basilisk (D)
  3 wargs (D)
  2 redbacks (D)
  An acid dragon (D)
  An ice beast (D)
  A laughing skull (D)
  3 wolves (D)
  2 phantoms (D)
  A bullfrog (D)
  A brain worm (D)
  A scorpion (D)
  2 wights (D)
  A crimson imp (D)
  An orc priest (D)
  Ijyb (D)
  An iguana (D)
  An orc wizard (D)
  A gnoll (D)
  An ufetubus (D)
  3 giant cockroaches (D)
  A hobgoblin (D)
  A ball python (D)
  2 kobolds (D)
  A quokka zombie (D)
  A rat (D)
52 creatures vanquished.

Notes
Turn   | Place    | Note
-------+----------+-------------------------------------------
     0 | D        | Groucho the Gargoyle Fighter began the quest for the Orb.
     0 | D        | Reached XP level 1. HP: 14/14 MP: 1/1
    41 | D        | Found a glowing golden altar of the Shining One.
    41 | D        | Found a glowing silver altar of Zin.
    41 | D        | Found a basalt altar of Yredelemnul.
    41 | D        | Found a shimmering altar of Xom.
    41 | D        | Found an ornate altar of the Wu Jian Council.
    41 | D        | Found a bloodstained altar of Trog.
    41 | D        | Found a shimmering blue altar of Sif Muna.
    41 | D        | Found a sacrificial altar of Ru.
    41 | D        | Found a stormy altar of Qazlal.
    41 | D        | Found an iron altar of Okawaru.
    41 | D        | Found a sparkling altar of Nemelex Xobeh.
    41 | D        | Found a burning altar of Makhleb.
    41 | D        | Found a viscous altar of Jiyva.
    41 | D        | Found a hazy altar of Hepliaklqana.
    41 | D        | Found an opulent altar of Gozag.
    41 | D        | Found a blossoming altar of Fedhas.
    41 | D        | Found a white marble altar of Elyvilon.
    41 | D        | Found a shadowy altar of Dithmenos.
    41 | D        | Found a snail-covered altar of Cheibriados.
    42 | D        | Found a radiant altar of Vehumet.
    42 | D        | Found a corrupted altar of Lugonu.
    43 | D        | Found an ancient bone altar of Kikubaaqudgha.
    43 | D        | Found a hide-covered altar of Uskayaw.
    43 | D        | Found a broken altar of Ashenzari.
    46 | D        | Became a worshipper of Qazlal Stormbringer
    69 | D        | Reached * piety under Qazlal
    78 | D        | Reached XP level 2. HP: 20/20 MP: 2/2
    79 | D        | Noticed a scorpion
    94 | D        | Killed a scorpion
    94 | D        | Reached ** piety under Qazlal
    95 | D        | Reached skill level 5 in Fighting
    95 | D        | Reached skill level 5 in Armour
    95 | D        | Reached skill level 5 in Shields
    95 | D        | Reached XP level 3. HP: 18/26 MP: 3/3
    95 | D        | Reached XP level 4. HP: 21/31 MP: 4/4
   161 | D        | Noticed an ice beast
   174 | D        | Reached skill level 1 in Invocations
   188 | D        | Killed an ice beast
   188 | D        | Reached *** piety under Qazlal
   189 | D        | Reached skill level 5 in Maces & Flails
   189 | D        | Reached XP level 5. HP: 28/37 MP: 5/7
   327 | D        | Noticed a phantom
   336 | D        | Reached XP level 6. HP: 44/44 MP: 8/8
   353 | D        | Reached skill level 5 in Invocations
   353 | D        | Reached **** piety under Qazlal
   375 | D        | Noticed a wraith
   398 | D        | Killed a wraith
   399 | D        | Reached XP level 7. HP: 26/50 MP: 6/11
   670 | D        | Noticed a warg
   673 | D        | Killed a warg
   849 | D        | Noticed Ijyb
   849 | D        | Noticed a lindwurm
   849 | D        | Noticed a redback
   851 | D        | Killed Ijyb
   852 | D        | Reached XP level 8. HP: 53/56 MP: 6/13
   855 | D        | Killed a lindwurm
   856 | D        | Reached skill level 10 in Fighting
   856 | D        | Reached skill level 10 in Armour
   856 | D        | Reached skill level 10 in Shields
  1284 | D        | Reached ***** piety under Qazlal
  1285 | D        | Reached XP level 9. HP: 61/63 MP: 12/15
  1402 | D        | Noticed a troll
  1402 | D        | Noticed a hornet
  1404 | D        | Killed a troll
  1404 | D        | Killed a hornet
  1559 | D        | Noticed an orc sorcerer
  1559 | D        | Noticed a molten gargoyle
  1559 | D        | Noticed a bog body
  1561 | D        | Noticed a rust devil
  1561 | D        | Killed a molten gargoyle
  1562 | D        | Reached skill level 10 in Maces & Flails
  1563 | D        | Killed an orc sorcerer
  1564 | D        | Reached skill level 10 in Invocations
  1564 | D        | Killed a bog body
  1565 | D        | Reached XP level 10. HP: 67/71 MP: 1/17
  1827 | D        | Noticed a flayed ghost
  1827 | D        | Noticed a bog body
  1828 | D        | Killed a bog body
  1828 | D        | Killed a flayed ghost
  1848 | D        | Noticed an orc knight
  1849 | D        | Killed an orc knight
  2193 | D        | Noticed Sonja
  2193 | D        | Noticed a vampire knight
  2194 | D        | Killed Sonja
  2196 | D        | Noticed a seven-headed hydra
  2198 | D        | Reached ****** piety under Qazlal
  2199 | D        | Reached XP level 11. HP: 78/78 MP: 3/20
  2200 | D        | Killed a seven-headed hydra
  2208 | D        | HP: 1/79 [something (9)]
  2220 | D        | Paralysed by something for 4 turns
  2228 | D        | Paralysed by something for 5 turns
  2231 | D        | HP: 1/79 [something (4)]
  2231 | D        | Mangled by a vampire knight

Illustrated notes

Levels and vault maps discovered:
D:        pitsprint [storerooms_1, entrance_room_1, metal_vault_2, armoury_3,
          mini_pit_1, grid_room_1, main_hall_1, silver_pit, the_coven_3,
          the_vestibule_1, steel_vault_5, golden_pit, hallway_of_sentries,
          crystal_vault_1, iron_vault_3, final_vault]

Skill      XL: |  1  2  3  4  5  6  7  8  9 10 |
---------------+-------------------------------+-----
Fighting       | 4 5 6 7 8 9 10 12 13 | 13.7
Maces & Flails | 3 4 5 7 8 9 10 12 | 12.4
Armour         | 4 5 6 7 8 9 10 12 13 | 13.7
Shields        | 4 5 6 7 8 9 10 11 13 | 13.6
Invocations    | 3 5 7 8 10 12 | 12.5

Action                     |  1- 3 |  4- 6 |  7- 9 | 10-12 || total
---------------------------+-------+-------+-------+-------++-------
  Melee: Mace              |    25 |    60 |     4 |       ||    89
         Flail             |     2 |       |       |       ||     2
         Morningstar       |       |       |    14 |    12 ||    26
 Invoke: Upheaval          |       |     2 |    15 |    13 ||    30
    Use: Potion            |       |       |       |     5 ||     5
 Armour: Scale mail        |    23 |     3 |       |       ||    26
         Chain mail        |       |    23 |    18 |    43 ||    84
  Dodge: Dodged            |    15 |    20 |    10 |     4 ||    49
         Repelled          |       |       |     2 |       ||     2
  Block: Buckler           |     8 |    25 |    13 |     5 ||    51
